 Dungeon Crawl Stone Soup version 0.28-a0-998-gb9e9c7b67e (webtiles) character file.

Game seed: 15251620741663641696

470 r3xj the Carver (level 6, -2/69 (76) HPs)
             Began as a Minotaur Berserker on Dec 6, 2021.
             Was a Priest of Trog.
             Succumbed to Duvessa's poison
             ... on level 4 of the Dungeon.
             The game lasted 00:07:13 (4100 turns).

r3xj the Carver (Minotaur Berserker)                Turns: 4100, Time: 00:07:14

HP:   -2/69 (76)    AC:  7    Str: 21    XL:     6   Next: 82%
MP:   5/5           EV: 10    Int: 10    God:    Trog [***...]
Gold: 145           SH:  0    Dex: 12    Spells: 5/5 levels left

rFire   . . .      SeeInvis .   a - +0 falchion
rCold   . . .      Faith    .   (no shield)
rNeg    . . .      Spirit   .   r - +0 scale mail
rPois   .          Reflect  .   (helmet restricted)
rElec   .          Harm     .   j - +0 cloak
rCorr   .          Rampage  .   (no gloves)
Will    +....                   (no boots)
Stlth   ..........              (no amulet)
HPRegen 0.21/turn               h - ring of willpower
MPRegen 0.09/turn               b - +6 ring of intelligence

@: berserking, lethally poisoned (-2 -> -56), drained, very quick
A: horns 2, retaliatory headbutt
a: Renounce Religion, Berserk, Trog's Hand


You were on level 4 of the Dungeon.
You worshipped Trog.
Trog was most pleased with you.
You visited 1 branch of the dungeon, and saw 4 of its levels.

You collected 145 gold pieces.

Inventory:

Hand Weapons
 a - a +0 falchion (weapon)
 i - a +4 quarterstaff of chaos
 k - a +0 war axe
 q - a +0 quarterstaff
 s - a +0 short sword of draining
Missiles
 m - 21 sling bullets
Armour
 j - a +0 cloak (worn)
 l - a +0 ring mail
 r - a +0 scale mail (worn)
Jewellery
 b - a +6 ring of intelligence (right hand)
 h - a ring of willpower (left hand)
Scrolls
 c - a scroll of immolation {unknown}
 f - 2 scrolls of identify {unknown}
 g - a scroll of fog {unknown}
 n - a scroll of acquirement {unknown}
 o - a scroll of vulnerability {unknown}
Potions
 d - a potion of heal wounds {unknown}
 e - 2 potions of flight {unknown}
 p - a potion of haste
 t - a potion of invisibility {unknown}


   Skills:
 - Level 3.6 Fighting
 * Level 9.4 Long Blades
 - Level 2.4 Armour
 - Level 2.1 Dodging


You had 5 spell levels left.
You didn't know any spells.
Your spell library was empty.

Dungeon Overview and Level Annotations

Branches:
Dungeon (4/15)
 Temple: D:4-7

Altars:
Kikubaaqudgha
Yredelemnul

Shops:
D:2 *

Annotations:
D:3 2 transporters, Menkaure
D:4 Dowan


Innate Abilities, Weirdness & Mutations

You have a pair of horns on your head.
You reflexively headbutt those who attack you in melee.


Message History

There are monsters nearby!
You hit Duvessa but do no damage. Your headbutt misses Duvessa.
Duvessa hits you with a +5 rapier of venom!
You are poisoned.
There are monsters nearby!
Your scale mail prevents you from hitting Duvessa.
You feel sick.
Duvessa hits you with a +5 rapier of venom!
A red film seems to cover your vision as you go berserk!
You feel yourself moving faster!
You feel mighty!
You feel sick.
Duvessa hits you with a +5 rapier of venom.
You are more poisoned.
You barely miss Duvessa.
You feel sick.
You hit Duvessa but do no damage.
You feel sick. Duvessa hits you but does no damage.
You are more poisoned.
Dowan mumbles some strange words.
Dowan blinks!
You hit Duvessa.
Duvessa is lightly wounded.
You feel sick.
You barely miss Duvessa. You headbutt Duvessa.
Duvessa is moderately wounded.
You feel sick.
Duvessa hits you with a +5 rapier of venom.
You are lethally poisoned!
Dowan hits you with a +0 dagger.
You hit Duvessa. You headbutt Duvessa!
Duvessa is severely wounded.
* * * LOW HITPOINT WARNING * * *
You feel very sick.
Duvessa hits you with a +5 rapier of venom!
* * * LOW HITPOINT WARNING * * *
You are more poisoned.
You slash Duvessa!
You kill Duvessa!
Trog accepts your kill.
Dowan seems overcome with grief, but rights himself reflexively soon after.
Dowan seems to find hidden reserves of power!
You die...

#..#.#...
#..#.###...
########..#.#
###.
..........#.#
#########.#..
#.### #.#
#.########.#
#..e@)ยง....#
############


You could see Dowan (fast).

Vanquished Creatures
  Duvessa (D:4)
  An ogre (D:4)
  2 hounds
  Crazy Yiuf (D:2)
  Natasha (thrice) (D:2)
  2 orc wizards (D:4)
  A killer bee zombie (D:4)
  9 adders
  A worm (D:2)
  A dart slug (D:3)
  4 orcs
  10 endoplasms
  A giant cockroach (D:3)
  3 goblins (D:3)
  2 hobgoblins (D:2)
  8 jackals
  7 kobolds
  5 quokkas
  4 ball pythons
  4 bats
  2 frilled lizards (D:3)
  11 rats
83 creatures vanquished.

Vanquished Creatures (others)
  5 fungi (D:2)
  3 plants (D:2)
8 creatures vanquished.

Grand Total: 91 creatures vanquished

Notes
Turn   | Place    | Note
-------+----------+-------------------------------------------
     0 | D:1      | r3xj the Minotaur Berserker began the quest for the Orb.
     0 | D:1      | Reached XP level 1. HP: 19/19 MP: 0/0
    22 | D:1      | Reached skill level 4 in Long Blades
    71 | D:1      | Reached XP level 2. HP: 14/26 MP: 1/1
   309 | D:1      | You fall into a shaft and drop 1 floor!
   448 | D:2      | Found a faded altar of an unknown god.
   459 | D:2      | Reached skill level 5 in Long Blades
   459 | D:2      | Reached XP level 3. HP: 26/31 MP: 2/2
   542 | D:2      | Noticed Natasha
   546 | D:2      | Killed Natasha
   555 | D:2      | Reached ** piety under Trog
   811 | D:2      | Noticed Natasha
   816 | D:2      | Killed Natasha
   817 | D:2      | Reached skill level 6 in Long Blades
   817 | D:2      | Reached XP level 4. HP: 39/39 MP: 3/3
   878 | D:2      | Found a runed translucent door.
   879 | D:2      | Noticed Crazy Yiuf
  1014 | D:2      | Found Wuocabb's General Store.
  1964 | D:2      | Reached skill level 7 in Long Blades
  1964 | D:2      | Reached XP level 5. HP: 43/45 MP: 4/4
  2274 | D:2      | Noticed Natasha
  2280 | D:2      | Killed Natasha
  2419 | D:2      | Killed Crazy Yiuf
  2966 | D:3      | Reached skill level 8 in Long Blades
  3016 | D:3      | Reached *** piety under Trog
  3106 | D:3      | Found a transporter.
  3110 | D:3      | Noticed a phantom
  3122 | D:3      | Found a transporter.
  3122 | D:3      | Found a basalt altar of Yredelemnul.
  3126 | D:3      | Noticed Menkaure
  3134 | D:3      | Found an ancient bone altar of Kikubaaqudgha.
  3211 | D:3      | Reached XP level 6. HP: 38/51 MP: 5/5
  3631 | D:4      | Reached skill level 9 in Long Blades
  4087 | D:4      | Noticed Duvessa
  4087 | D:4      | Noticed Dowan
  4100 | D:4      | Killed Duvessa
  4100 | D:4      | Succumbed to Duvessa's poison

Illustrated notes

Levels and vault maps discovered:
D:1:      amcnicky_arrival_choice, layout_rooms, minmay_misc_feat_rugged,
          roderic_lattice_a
D:2:      minmay_chambers_of_twos, layout_basic, serial_shops, shop_fountains,
          dreamdust_ecumenical_altar_grove, grunt_ministairs_5,
          uniq_crazy_yiuf_cottage, uniq_natasha
D:3:      layout_rooms, gammafunk_temple_of_torment, serial_glass,
          glass_columns_b, glass_columns_a, feat_on_display, item_on_display_a,
          item_on_display_a, minmay_strange_pillars
D:4:      layout_basic, kennysheep_donut, nrook_mini_vaults, uniq_duvessa,
          uniq_edmund

Skill      XL: |  1  2  3  4  5  6 |
---------------+-------------------+-----
Long Blades    | 4 5 6 7 8 9 |  9.4
Fighting       | |  3.6
Armour         | |  2.4
Dodging        | |  2.1

Action                   |  1- 3 |  4- 6 || total
-------------------------+-------+-------++-------
Melee: Falchion          |    43 |   178 ||   221
       Headbutt          |     8 |    26 ||    34
Invok: Berserk           |       |     4 ||     4
Armor: Animal skin       |    11 |    14 ||    25
       Ring mail         |       |    27 ||    27
       Scale mail        |       |    31 ||    31
Dodge: Dodged            |    46 |    75 ||   121

Table legend: (Time is in decaauts)
 A = Elapsed time spent in this place.
 B = Non-inter-level travel time spent in this place.
 C = Inter-level travel time spent in this place.
 D = Time resting spent in this place.
 E = Time spent auto-exploring this place.
 F = Levels seen in this place.
 G = Mean time per level.
                   A        B        C        D        E       F      G
               +--------+--------+--------+--------+--------+-----+--------+
         Total |   4115 |   3906 |    209 |    623 |   2790 |   4 | 1028.8 |
       Dungeon |   4115 |   3906 |    209 |    623 |   2790 |   4 | 1028.8 |
               +--------+--------+--------+--------+--------+-----+--------+

Top non-repeatable levels by time:
     D:2: 2372 daAuts
     D:3: 916 daAuts
     D:4: 515 daAuts
     D:1: 310 daAuts
